 Dungeon Crawl Stone Soup version 0.29-a0-397-g846e4a0bbc (console) character file.

Game seed: 11519344589281557503

242 om the Cudgeller (level 5, -5/53 HPs)
             Began as a Troll Fighter on May 11, 2022.
             Killed from afar by Ijyb (11 damage)
             ... with a puff of flame
             ... on level 3 of the Dungeon.
             The game lasted 00:05:37 (2871 turns).

om the Cudgeller (Troll Fighter)                    Turns: 2871, Time: 00:05:38

Health: -5/53      AC:  4    Str: 24    XL:     5   Next: 81%
Magic:  4/4        EV:  9    Int:  4    God:
Gold:   170        SH: 13    Dex: 11    Spells: 4/4 levels left

rFire   . . .      SeeInvis .   a - +0 flail
rCold   . . .      Faith    .   c - +0 kite shield
rNeg    . . .      Spirit   .   b - +0 robe
rPois   .          Reflect  +   (helmet restricted)
rElec   .          Harm     .   (no cloak)
rCorr   .          Rampage  .   (gloves unavailable)
Will    .....                   (boots unavailable)
Stlth   +.........              j - amulet of reflection
HPRegen 0.97/turn               (no ring)
MPRegen 0.09/turn               (no ring)

@: no status effects
A: large, unfitting armour, claws 3, regeneration 1, shaggy fur 1, tough skin 1
a: no special abilities


You were on level 3 of the Dungeon.
You visited 1 branch of the dungeon, and saw 3 of its levels.

You collected 170 gold pieces.

Inventory:

Hand Weapons
 a - a +0 flail (weapon)
Armour
 b - a +0 robe (worn)
 c - a +0 kite shield (worn)
Jewellery
 h - a ring of fire
 j - an amulet of reflection (around neck)
Scrolls
 f - a scroll of torment {unknown}
 g - 3 scrolls of identify {unknown}
 i - a scroll of fear {unknown}
 k - 2 scrolls of vulnerability {unknown}
 l - 3 scrolls of summoning {unknown}
 n - a scroll of magic mapping {unknown}
Potions
 d - a potion of might
 e - 2 potions of curing {unknown}
 m - a potion of invisibility {unknown}
 o - a potion of heal wounds {unknown}
 p - a potion of cancellation {unknown}


   Skills:
 - Level 3.0 Fighting
 * Level 3.8 Maces & Flails
 + Level 3.3 Dodging
 + Level 3.3 Shields


You had 4 spell levels left.
You didn't know any spells.
Your spell library contained the following spells:

 Spells                   Type           Power      Damage    Failure   Level
 Slow                     Hex            0%         N/A       80%         1
 Confusing Touch          Hex            0%         N/A       99%         3
 Vampiric Draining        Necr           0%         2d6       99%         3
 Animate Armour           Summ/Erth      0%         N/A       100%        4
 Summon Cactus Giant      Summ           0%         N/A       100%        6
 Malign Gateway           Summ/Tloc      0%         N/A       100%        7


Dungeon Overview and Level Annotations

Branches:
Dungeon (3/15)

Altars:

Annotations:
D:3 Ijyb


Innate Abilities, Weirdness & Mutations

You are too large for most types of armour.
You have claws for hands.
Your natural rate of healing is unusually fast.
You are covered in fur. (AC +1)
You have tough skin. (AC +1)


Message History

You barely miss the goblin.
The goblin is moderately wounded.
You block the endoplasm's attack. You block the goblin's attack.
The goblin hits you with a +0 club.
Ijyb zaps a wand.
The puff of flame misses you. The goblin barely misses you.
You closely miss Ijyb. You block the endoplasm's attack.
The goblin closely misses you. The goblin hits you but does no damage.
Ijyb barely misses you. The goblin hits you but does no damage.
You closely miss Ijyb. The endoplasm barely misses you.
You block the goblin's attack. The goblin hits you but does no damage.
Ijyb hits you with a +0 club. You block the goblin's attack.
Ijyb zaps a wand.
The puff of flame hits you! You block the endoplasm's attack.
The goblin barely misses you. You block the goblin's attack.
The goblin hits you but does no damage.
You hit Ijyb but do no damage. The endoplasm freezes you.
You are frozen.
You block the goblin's attack. The goblin hits you with a +0 club.
Ijyb hits you with a +0 club!
* * * LOW HITPOINT WARNING * * *
You block the goblin's attack.
You closely miss Ijyb. You block the endoplasm's attack.
You block the goblin's attack. The goblin barely misses you.
Ijyb zaps a wand.
The puff of flame hits you!
* * * LOW HITPOINT WARNING * * *
The goblin hits you but does no damage.
You hit Ijyb but do no damage. The endoplasm freezes you.
You are frozen.
* * * LOW HITPOINT WARNING * * *
The goblin hits you but does no damage. You block the goblin's attack.
Ijyb hits you but does no damage. The goblin barely misses you.
You block Ijyb's attack. You block the goblin's attack.
The endoplasm hits you but does no damage.
The goblin hits you but does no damage.
You closely miss Ijyb. You block the goblin's attack.
The endoplasm freezes you.
You are frozen.
* * * LOW HITPOINT WARNING * * *
You block the goblin's attack. The goblin hits you with a +0 club.
* * * LOW HITPOINT WARNING * * *
Ijyb zaps a wand.
The puff of flame hits you!
You die...

### ############
##≈≈..#...#......#
#≈≈≈..'...'......#
##≈≈≈..#...#......#
#≈≈#########..##''#
#≈≈#..........#g@g#
...)..........#ggJ#
..)'.†...)....#...#
...'..........#...#
.≈≈#..........#...#
.≈≈#########..#...#
.#≈≈≈..#.. #..#...#
.#≈≈≈..'. '..##'##
.#.≈≈..# ####
.#.≈≈..#####...#
...≈≈..........#


You could see Ijyb, an endoplasm and 3 goblins.

Vanquished Creatures
  A centaur (D:3)
  4 gnolls
  5 adders
  A worm (D:2)
  A dart slug (D:2)
  4 orcs (D:3)
  4 ball pythons
  6 endoplasms
  6 giant cockroaches
  8 goblins
  6 hobgoblins
  5 jackals
  5 kobolds
  2 quokkas
  7 bats
  2 frilled lizards (D:2)
  3 rats (D:3)
70 creatures vanquished.

Notes
Turn   | Place    | Note
-------+----------+-------------------------------------------
     0 | D:1      | om the Troll Fighter began the quest for the Orb.
     0 | D:1      | Reached XP level 1. HP: 22/22 MP: 0/0
    70 | D:1      | Reached XP level 2. HP: 29/29 MP: 1/1
   494 | D:1      | Reached XP level 3. HP: 32/36 MP: 2/2
  1018 | D:2      | Got the Guide on Clay and Companions
  1267 | D:3      | Reached XP level 4. HP: 33/44 MP: 3/3
  2098 | D:3      | Reached XP level 5. HP: 53/53 MP: 4/4
  2420 | D:3      | Noticed a centaur
  2425 | D:3      | Killed a centaur
  2857 | D:3      | Noticed Ijyb
  2871 | D:3      | Killed from afar by Ijyb

Illustrated notes

Levels and vault maps discovered:
D:1:      wander_arrival_peaceful_grave, layout_rooms, grunt_decor_one_mirror,
          item_on_display_a
D:2:      layout_basic
D:3:      kennysheep_goblin_castle, layout_basic

Skill      XL: |  1  2  3  4 |
---------------+-------------+-----
Maces & Flails | 2 3 |  3.8
Dodging        | 3 |  3.3
Shields        | 3 |  3.3
Fighting       | 3 |  3.0

Action                   |  1- 3 |  4- 6 || total
-------------------------+-------+-------++-------
Melee: Flail             |   134 |   120 ||   254
 Stab: Sleeping          |     1 |       ||     1
Armor: Robe              |    74 |    47 ||   121
Dodge: Dodged            |    67 |    61 ||   128
Block: Kite shield       |    91 |   105 ||   196
       Reflection        |       |     7 ||     7

Table legend: (Time is in decaauts)
 A = Elapsed time spent in this place.
 B = Non-inter-level travel time spent in this place.
 C = Inter-level travel time spent in this place.
 D = Time resting spent in this place.
 E = Time spent auto-exploring this place.
 F = Levels seen in this place.
 G = Mean time per level.
                   A        B        C        D        E       F      G
               +--------+--------+--------+--------+--------+-----+--------+
         Total |   2973 |   2938 |     35 |    684 |   1500 |   3 |  991.0 |
       Dungeon |   2973 |   2938 |     35 |    684 |   1500 |   3 |  991.0 |
               +--------+--------+--------+--------+--------+-----+--------+

Top non-repeatable levels by time:
     D:3: 1363 daAuts
     D:2: 983 daAuts
     D:1: 626 daAuts
